 Dungeon Crawl Stone Soup version 0.25.1-2-g60ff931df9 (webtiles) character file.

Game seed: 8341158035303369954

93 Kamikaze the Poker (level 4, -8/27 HPs)
             Began as a Gargoyle Gladiator on Oct 13, 2020.
             Killed from afar by an orc wizard (11 damage)
             ... with a magic dart
             ... on level 2 of the Dungeon.
             The game lasted 00:06:54 (1024 turns).

Kamikaze the Poker (Gargoyle Gladiator)             Turns: 1024, Time: 00:06:55

Health: -8/27      AC:  7    Str: 17    XL:     4   Next: 62%
Magic:  4/4        EV: 12    Int:  9    God:
Gold:   76         SH:  0    Dex: 12    Spells: 3/3 levels left

rFire    . . .     SeeInvis .   e - +1 mace (drain)
rCold    . . .     Gourm    .   (no shield)
rNeg     + . .     Faith    .   b - +0 leather armour
rPois    ∞         Spirit   .   c - +0 helmet
rElec    +         Reflect  .   (no cloak)
rCorr    .         Harm     .   (no gloves)
MR       .....                  (no boots)
Stlth    +.........             (no amulet)
HPRegen  0.09/turn              (no ring)
MPRegen  0.09/turn              (no ring)

@: no status effects
A: negative energy resistance 1, electricity resistance, unbreathing,
petrification resistance, rot immunity, AC +3
a: no special abilities


You were on level 2 of the Dungeon.
You were hungry.

You visited 1 branch of the dungeon, and saw 2 of its levels.

You collected 76 gold pieces.

Inventory:

Hand Weapons
 a - a +0 trident
 e - a +1 mace of draining (weapon)
Missiles
 d - 4 throwing nets (quivered)
Armour
 b - a +0 leather armour (worn)
 c - a +0 helmet (worn)
 j - a +0 robe
Scrolls
 g - a scroll of remove curse
 h - 2 scrolls of fear
 i - a scroll of enchant armour {unknown}
Comestibles
 f - 2 rations


   Skills:
 + Level 2.7 Fighting
 + Level 1.7 Maces & Flails
 + Level 3.0 Polearms
 + Level 1.8 Throwing
 + Level 1.7 Armour
 + Level 3.0 Dodging
 + Level 0.2 Stealth


You had 3 spell levels left.
You didn't know any spells.
Your spell library was empty.

Dungeon Overview and Level Annotations

Branches:
Dungeon (2/15)

Altars:


Innate Abilities, Weirdness & Mutations

You are resistant to torment.
Your stone body is resilient. (AC +3)
You are immune to poison.
You resist negative energy. (rN+)
You are resistant to electric shocks. (rElec)
You can survive without breathing.
You are immune to petrification.
You are immune to rotting.


Message History

Ouch! That really hurt!
* * * LOW HITPOINT WARNING * * *
Something hits you.
* * * LOW HITPOINT WARNING * * *
You hear some strange, mumbled words.
Something hits you but does no damage. Something hits you but does no damage.
A puff of flame appears from out of thin air!
The puff of flame hits you.
* * * LOW HITPOINT WARNING * * *
Something hits you but does no damage. Something hits you.
* * * LOW HITPOINT WARNING * * *
You hear some strange, mumbled words.
Something tries to affect you, but you resist.
You hit something.
You are feeling hungry.
A magic dart appears from out of thin air!
The magic dart hits you!
You die...

#..# #.#
####..####.#
#..........#
#.###.#.#### #.
#.#.#
###.###.#.######.
................
#.###.#.######.
#..@....#
###.....# ##{o.##
##.## #K# #o# #'#
..K .....


You could see an orc priest, an orc and a kobold.

Vanquished Creatures
  An orc priest (D:2)
  Jessica (D:2)
  An adder (D:2)
  2 dart slugs (D:2)
  3 leopard geckos (D:2)
  3 goblins
  4 jackals (D:2)
  A ball python (D:2)
  A bat (D:2)
  3 frilled lizards
  5 kobolds
  A rat (D:2)
26 creatures vanquished.

Notes
Turn   | Place    | Note
-------+----------+-------------------------------------------
     0 | D:1      | Kamikaze the Gargoyle Gladiator began the quest for the
                  | Orb.
     0 | D:1      | Reached XP level 1. HP: 12/12 MP: 1/1
   634 | D:2      | Reached XP level 2. HP: 14/18 MP: 2/2
   684 | D:2      | Reached skill level 1 in Maces & Flails
   801 | D:2      | Reached XP level 3. HP: 22/22 MP: 3/3
   812 | D:2      | Reached skill level 1 in Armour
   839 | D:2      | Noticed Jessica
   854 | D:2      | Killed Jessica
   854 | D:2      | Reached XP level 4. HP: 24/27 MP: 4/4
  1024 | D:2      | Killed from afar by an orc wizard

Illustrated notes

Levels and vault maps discovered:
D:1:      lemuel_arrival_lava_pool, layout_loops_ring
D:2:      layout_loops_corners, makhleb_altar_promises_db, uniq_natasha,
          uniq_jessica

Skill      XL: |  1  2  3  4 |
---------------+-------------+-----
Maces & Flails | 1 |  1.7
Armour         | 1 |  1.7
Polearms       | 3 |  3.0
Dodging        | 3 |  3.0
Fighting       | |  2.7
Throwing       | |  1.8
Stealth        | |  0.2

Action                   |  1- 3 |  4- 6 || total
-------------------------+-------+-------++-------
Melee: Mace              |    59 |    20 ||    79
       Trident           |     1 |       ||     1
  Use: Scroll            |     6 |       ||     6
Armor: Leather armour    |    36 |    10 ||    46
Dodge: Dodged            |    64 |    16 ||    80
